 Dungeon Crawl Stone Soup version 0.18-a0-316-gf882de5 (webtiles) character file.

24 ololoev the Sneak (level 2, -2/11 HPs)
             Began as a Felid Wizard on Nov 27, 2015.
             Slain by a phantom (10 damage)
             ... on level 1 of the Dungeon.
             The game lasted 00:03:37 (1550 turns).

ololoev the Sneak (Felid Wizard)                    Turns: 1550, Time: 00:03:37

Health: -2/11      AC:  1    Str:  3    XL:     2   Next: 79%
Magic:  7/7        EV: 17    Int: 19    God:
Gold:   22         SH:  0    Dex: 14    Spells: 1 memorised, 6 levels left
                                        Lives:  0   Deaths: 0

rFire  . . .     SeeInvis +       - Unarmed
rCold  . . .     Clarity  .     (armour unavailable)
rNeg   . . .     SustAt   .     (shield unavailable)
rPois  .         Gourm    .     (helmet unavailable)
rElec  .         Spirit   .     (cloak unavailable)
rCorr  .         Warding  .     (gloves unavailable)
rMut   .         Stasis   .     (boots unavailable)
MR     .....                    (no amulet)
Stlth  +++.......               (no ring)
                                (no ring)

@: quick, not resistant to hostile enchantments, fairly stealthy
A: no armour, no weapons or thrown items, claws 1, fangs 3, see invisible,
carnivore 3, speed 1, shaggy fur 1, slow metabolism 1, sharp paws
a: no special abilities


Innate Abilities, Weirdness & Mutations

You cannot wear armour.
You are incapable of wielding weapons or throwing items.
You have sharp claws.
You have razor-sharp teeth.
You have supernaturally acute eyesight.
You are carnivorous and can eat meat at any time.
You cover ground quickly.
You are covered in fur (AC +1).
You have a slow metabolism.
Your sharp claws are effective at attacking unaware monsters.

Inventory:

Scrolls
 d - a scroll of identify {unknown}
 e - 4 scrolls of remove curse {unknown}
Potions
 c - a potion of flight {unknown}
 f - a potion of lignification {unknown}
 g - a potion of degeneration {unknown}
Books
 a - a book of Minor Magic

   Spells                             Type                      Level
   a - Magic Dart                     Conjuration                  1
   b - Blink                          Translocation                2
   c - Call Imp                       Summoning                    2
   d - Repel Missiles                 Charms/Air                   2
   e - Slow                           Hexes                        2
   f - Conjure Flame                  Conjuration/Fire             3
   g - Mephitic Cloud                 Conjuration/Poison/Air       3
Comestibles
 b - a meat ration


   Skills:
 - Level 2.6 Dodging
 + Level 3.3 Stealth
 * Level 1.4 Unarmed Combat
 + Level 3.2 Spellcasting
 - Level 1.1 Conjurations
   Level 1.0 Summonings
   Level 1.5 Translocations


You had 6 spell levels left.
You knew the following spells:

 Your Spells              Type           Power        Failure   Level  Hunger
a - Magic Dart            Conj           #...         12%         1    None


You were on level 1 of the Dungeon.
You were not hungry.

You visited 1 branch of the dungeon, and saw 1 of its levels.

You collected 22 gold pieces.

#######...###.#..###.##.########.
#######...###.#..###.##.########.
.................................
#######...###.#..###.##.########.
#...###........##.# #.
#..........##..##.# #.
##..###.#..##..##.########.
#..##.....................
#..###.#.@###.##.###.####.
#..##.....W...............
#.............##.###.####.
#..##................####.
#..##.##..###.............
#.###.###.# #..#.###.#.... #.#
#.# #.# #..#.# #.#.##. #.# #.#
#.# #..#.# #.#.##. #.#
#.###.###..#.###.#.##.

Notes
Turn   | Place    | Note
--------------------------------------------------------------
     0 | D:1      | ololoev the Felid Wizard began the quest for the Orb.
     0 | D:1      | Reached XP level 1. HP: 7/7 MP: 5/5
     8 | D:1      | Reached skill level 1 in Conjurations
   269 | D:1      | Reached XP level 2. HP: 9/11 MP: 7/7
   586 | D:1      | Reached skill level 1 in Unarmed Combat
  1542 | D:1      | Noticed a phantom
  1550 | D:1      | Slain by a phantom

Dungeon Overview and Level Annotations

Branches:
Dungeon (1/15)

Altars:


Message History

No target in view!
No target in view!
No target in view!
No target in view!
No target in view!
No target in view!
No target in view!
No target in view!
No target in view!
A goblin comes into view.
The goblin moves out of view.
No target in view!
A phantom comes into view.
The phantom blinks!
You scratch the phantom.
The phantom is lightly damaged.
The phantom barely misses you.
You closely miss the phantom.
The phantom is lightly damaged.
The phantom blinks!
The goblin closely misses you.
You scratch the goblin. Your bite misses the goblin.
The goblin is almost dead.
The goblin completely misses you.
You barely miss the goblin.
The goblin is almost dead.
The goblin completely misses you.
You scratch the goblin.
You kill the goblin!
The phantom hits you.
You barely miss the phantom.
The phantom is lightly damaged.
The phantom misses you.
You barely miss the phantom.
The phantom is lightly damaged.
The phantom closely misses you.
You scratch the phantom but do no damage.
The phantom is lightly damaged.
The phantom hits you!
Ouch! That really hurt!
You die...

You could see a phantom.

Vanquished Creatures
  A giant gecko (D:1)
  A ball python (D:1)
  2 giant cockroaches (D:1)
  A hobgoblin (D:1)
  3 bats (D:1)
  3 giant newts (D:1)
  8 goblins (D:1)
  2 kobolds (D:1)
  6 rats (D:1)
27 creatures vanquished.

Action                   || total
-------------------------++-------
Melee: Unarmed           ||    63
 Cast: Magic Dart        ||    22
 Stab: Sleeping          ||     3
  Eat: Chunk             ||     1

Vault maps used:
D:1:      dpeg_arrival_prison, hangedman_feature_mirror
